 Dungeon Crawl Stone Soup version 0.27.0-1-g7a089689b8 (webtiles) character file.

Game seed: 2580231159207866660

351886 Malachi the Eclecticist (level 22, -2/173 HPs)
             Began as a Gnoll Wanderer on Aug 16, 2021.
             Was the Champion of Makhleb.
             Killed from afar by a deep elf annihilator (49 damage)
             ... with a crystal spear
             ... on level 1 of the Vaults on Aug 17, 2021.
             The game lasted 04:29:06 (55848 turns).

Malachi the Eclecticist (Gnoll Wanderer)           Turns: 55848, Time: 04:29:07

Health: -2/173     AC: 31    Str: 16    XL:     22   Next: 24%
Magic:  0/41       EV: 14    Int: 24    God:    Makhleb [******]
Gold:   2155       SH: 16    Dex: 18    Spells: 27/52 levels left

rFire    + + .     SeeInvis .   J - +9 staff of Olgreb {rPois∞}
rCold    + + .     Faith    .   g - +2 kite shield {rPois}
rNeg     + + +     Spirit   +   D - +3 shadow dragon scales
rPois    ∞         Reflect  .   j - +5 hat of Kavipn {rF+ Dex+4}
rElec    +         Harm     .   o - +2 cloak of the Lumpy Artisans {*Slow rElec rN+++ Dex+2}
rCorr    .         Rampage  .   X - +0 pair of gloves of Divine Intercession {rC+ Regen+ Int+3}
Will     ++...     Clarity  +   V - +0 pair of boots {Stlth+}
Stlth    ++++++++++             w - amulet of guardian spirit
HPRegen  1.38/turn              t - ring of the Shrike {rN+ Will+ Str+4 Int-4 Stlth+}
MPRegen  0.27/turn              P - ring of Omuir {rC+ rN+ Int+2}

@: slowed, very slow
A: fangs 1, strong nose, distributed training, hooves 1, thin skeletal structure
1, clarity, fire resistance 1, poison resistance
}: 2/15 runes: serpentine, barnacled
a: Renounce Religion, Minor Destruction, Lesser Servant of Makhleb, Major
Destruction, Greater Servant of Makhleb


You were on level 1 of the Vaults.
You worshipped Makhleb.
Makhleb was exalted by your worship.
You visited 8 branches of the dungeon, and saw 36 of its levels.
You also visited: Gauntlet and Volcano.

You collected 6020 gold pieces.
You spent 3865 gold pieces at shops.

Inventory:

Hand Weapons
 i - the +6 rapier of Watchfulness {vorpal, *Rage rF+ rC+}
   (You took it off a deep elf annihilator on level 3 of the Elven Halls)

   It inflicts extra damage upon your enemies.
   rF:        It protects you from fire.
   rC:        It protects you from cold.
   *Rage:     It may make you go berserk in combat.
 n - the +10 morningstar "Eos" {elec, Halo rElec}
   (You took it off a deep elf annihilator on level 3 of the Elven Halls)

   It occasionally discharges a powerful burst of electricity upon striking a
   foe.
   It grants its wielder a halo, increasing accuracy against those within it.
   rElec:     It insulates you from electricity.
 A - a +9 antimagic demon trident
 E - the +7 fustibalus "Hosoukkul" {speed, Dex+3}
   (You took it off a minotaur in a Gauntlet)

   Attacks with this weapon are significantly faster.
   Dex:       It affects your dexterity (+3).
 J - the +9 staff of Olgreb (weapon) {rPois∞}
   (You bought it in a shop on level 2 of the Orcish Mines)

   If the wielder is skilled in Evocations, they can envenom those struck by it,
   dealing poison damage which bypasses armour.
   It enhances your poison magic.
   It grants immunity to poison.
   It can be evoked to radiate toxic energy, with effectiveness depending on
   Evocations skill.
Missiles
 h - 237 sling bullets
 u - 5 datura-tipped darts
 L - 3 atropa-tipped darts
 O - 5 curare-tipped darts
Armour
 g - a +2 kite shield of poison resistance (worn)
 j - the +5 hat of Kavipn (worn) {rF+ Dex+4}
   (You found it on level 2 of the Lair of Beasts)

   Dex:       It affects your dexterity (+4).
   rF:        It protects you from fire.
 l - the +2 pair of boots of Etiecwiu {Fly Str+3}
   (You found it on level 2 of the Lair of Beasts)

   Str:       It affects your strength (+3).
   Fly:       It grants you flight.
 m - the +1 helmet "Qeusk" {Regen+ rCorr Str+2 Int-4}
   (You took it off Robin on level 4 of the Dungeon)

   Str:       It affects your strength (+2).
   Int:       It affects your intelligence (-4).
   Regen:     It increases your rate of health regeneration.
   rCorr:     It protects you from acid and corrosion.
 o - the +2 cloak of the Lumpy Artisans (worn) {*Slow rElec rN+++ Dex+2}
   (You found it in a Gauntlet)

   Dex:       It affects your dexterity (+2).
   rElec:     It insulates you from electricity.
   rN:        It renders you almost immune to negative energy.
   *Slow:     It may slow you when you take damage.
 D - +3 shadow dragon scales (worn)
 N - the +1 pair of gloves "Joj Nube" {-Tele rC+ Will+ Int+7}
   (You took it off Nikola on level 4 of the Shoals)

   Int:       It affects your intelligence (+7).
   rC:        It protects you from cold.
   -Tele:     It prevents most forms of teleportation.
   Will:      It increases your willpower.
 V - a +0 pair of boots of stealth (worn)
 X - the +0 pair of gloves of Divine Intercession (worn) {rC+ Regen+ Int+3}
   (You found it on level 2 of the Shoals)

   Int:       It affects your intelligence (+3).
   rC:        It protects you from cold.
   Regen:     It increases your rate of health regeneration.
Jewellery
 c - an amulet of magic regeneration
 e - the ring "Useeshri" {rElec rF+ rN+ MP+9 Int-2}
   (You found it on level 6 of the Lair of Beasts)

   [ring of magical power]

   Int:       It affects your intelligence (-2).
   rF:        It protects you from fire.
   rElec:     It insulates you from electricity.
   rN:        It protects you from negative energy.
   MP:        It affects your magic capacity (+9).
 p - the amulet of Ezohusch {Acrobat rCorr Dex+7}
   (You found it on level 3 of the Elven Halls)

   [amulet of the acrobat]

   It increases your evasion while moving and waiting.
   Dex:       It affects your dexterity (+7).
   rCorr:     It protects you from acid and corrosion.
 t - the ring of the Shrike (left hand) {rN+ Will+ Str+4 Int-4 Stlth+}
   (You found it on level 2 of the Lair of Beasts)

   [ring of positive energy]

   Str:       It affects your strength (+4).
   Int:       It affects your intelligence (-4).
   rN:        It protects you from negative energy.
   Will:      It increases your willpower.
   Stlth:     It makes you more stealthy.
 w - an amulet of guardian spirit (around neck)
 x - the amulet of the Air {Inacc Air Fly rElec RMsl}
   (You found it on level 3 of the Elven Halls)

   [amulet of nothing]

   It reduces the accuracy of all your attacks.
   It enhances your air magic.
   rElec:     It insulates you from electricity.
   Fly:       It grants you flight.
   RMsl:      It protects you from missiles.
 G - an amulet of regeneration
 P - the ring of Omuir (right hand) {rC+ rN+ Int+2}
   (You took it off a deep elf annihilator on level 3 of the Elven Halls)

   [ring of protection from cold]

   Int:       It affects your intelligence (+2).
   rC:        It protects you from cold.
   rN:        It protects you from negative energy.
 U - the ring of the Lotus Blossom {rF+ rC+ Int+3 Dex-5}
   (You took it off a deep elf death mage on level 3 of the Elven Halls)

   [ring of protection from fire]

   Int:       It affects your intelligence (+3).
   Dex:       It affects your dexterity (-5).
   rF:        It protects you from fire.
   rC:        It protects you from cold.
Wands
 y - a wand of iceblast (30)
 z - a wand of acid (21)
 Y - a wand of digging (25)
Scrolls
 d - 16 scrolls of teleportation
 f - a scroll of silence
 r - a scroll of enchant armour
 C - 6 scrolls of amnesia
 H - 9 scrolls of magic mapping
 K - 6 scrolls of enchant weapon
 R - a scroll of blinking
 S - 4 scrolls of fog
 W - 24 scrolls of identify
 Z - a scroll of holy word
Potions
 b - a potion of ambrosia
 k - 7 potions of might
 q - 4 potions of berserk rage
 s - 2 potions of cancellation
 v - 4 potions of invisibility
 B - 3 potions of brilliance
 F - 2 potions of heal wounds
 I - 12 potions of curing
 Q - 7 potions of haste
 T - 2 potions of magic
Miscellaneous
 a - a phantom mirror


   Skills:
 + Level 14.6 Fighting
 + Level 14.4 Short Blades
 + Level 14.4 Long Blades
 + Level 14.4 Axes
 + Level 14.4 Maces & Flails
 + Level 14.4 Polearms
 + Level 15.0 Staves
 + Level 14.4 Slings
 + Level 14.4 Bows
 + Level 14.4 Crossbows
 + Level 14.6 Throwing
 + Level 14.4 Armour
 + Level 14.4 Dodging
 + Level 14.4 Stealth
 + Level 14.4 Shields
 + Level 14.4 Unarmed Combat
 + Level 15.7 Spellcasting
 + Level 12.9 Conjurations
 + Level 12.4 Hexes
 + Level 12.4 Summonings
 + Level 12.4 Necromancy
 + Level 12.4 Translocations
 + Level 12.4 Transmutations
 + Level 12.4 Fire Magic
 + Level 12.4 Ice Magic
 + Level 12.4 Air Magic
 + Level 12.4 Earth Magic
 + Level 12.4 Poison Magic
 + Level 15.5 Invocations
 + Level 14.6 Evocations


You had 27 spell levels left.
You knew the following spells:

 Your Spells              Type           Power      Damage    Failure   Level
a - Ozocubu's Armour      Ice            68%        N/A       1%          3
b - Swiftness             Air            68%        N/A       1%          3
c - Blink                 Tloc           N/A        N/A       1%          2
d - Wereblood             Tmut           68%        N/A       1%          2
e - Airstrike             Air            34%        N/A       1%          4
f - Fireball              Conj/Fire      34%        3d14      3%          5
g - Invisibility          Hex            34%        N/A       24%         6

Your spell library contained the following spells:

 Spells                   Type           Power      Damage    Failure   Level
 Animate Skeleton         Necr           100%       N/A       1%          1
 Apportation              Tloc           100%       N/A       1%          1
 Corona                   Hex            75%        N/A       1%          1
 Foxfire                  Conj/Fire      100%       2x1d9     1%          1
 Freeze                   Ice            100%       1d11      1%          1
 Magic Dart               Conj           100%       1d8       1%          1
 Shock                    Conj/Air       100%       1d9       1%          1
 Sting                    Tmut/Pois      100%       1d8       1%          1
 Summon Small Mammal      Summ           100%       N/A       1%          1
 Call Imp                 Summ           68%        N/A       1%          2
 Ensorcelled Hibernation  Hex/Ice        100%       N/A       1%          2
 Passwall                 Tmut/Erth      56%        N/A       1%          2
 Slow                     Hex            68%        N/A       1%          2
 Sublimation of Blood     Necr           34%        N/A       1%          2
 Call Canine Familiar     Summ           68%        N/A       1%          3
 Conjure Flame            Conj/Fire      68%        6-21      1%          3
 Frozen Ramparts          Ice            100%       1d12      1%          3
 Ignite Poison            Fire/Tmut/Pois 87%        N/A       1%          3
 Inner Flame              Hex/Fire       68%        N/A       1%          3
 Lesser Beckoning         Tloc           34%        N/A       1%          3
 Mephitic Cloud           Conj/Pois/Air  87%        N/A       1%          3
 Spider Form              Tmut/Pois      43%        N/A       1%          3
 Summon Guardian Golem    Hex/Summ       68%        N/A       1%          3
 Animate Armour           Summ/Erth      100%       N/A       1%          4
 Cause Fear               Hex            34%        N/A       1%          4
 Hailstorm                Conj/Ice       68%        3d14      1%          4
 Ice Form                 Ice/Tmut       68%        N/A       1%          4
 Petrify                  Tmut/Erth      68%        N/A       1%          4
 Summon Ice Beast         Ice/Summ       68%        N/A       1%          4
 Irradiate                Conj/Tmut      34%        3d25      3%          5
 Iskenderun's Battlesphe  Conj           69%        2d12      3%          5
 Blade Hands              Tmut           34%        N/A       4%          5
 Bolt of Magma            Conj/Fire/Erth 34%        4d15      4%          5
 Freezing Cloud           Conj/Ice/Air   34%        6-21      4%          5
 Manifold Assault         Tloc           68%        N/A       4%          5
 Metabolic Englaciation   Hex/Ice        34%        N/A       4%          5
 Summon Forest            Summ/Tloc      34%        N/A       4%          5
 Conjure Ball Lightning   Conj/Air       34%        3x3d11    22%         6
 Iron Shot                Conj/Erth      34%        9d7       22%         6
 Starburst                Conj/Fire      34%        8x6d10    22%         6
 Eringya's Noxious Bog    Tmut/Pois      43%        N/A       24%         6
 Shadow Creatures         Summ           N/A        N/A       24%         6
 Simulacrum               Ice/Necr       34%        N/A       24%         6
 Statue Form              Tmut/Erth      45%        N/A       24%         6
 Orb of Destruction       Conj           34%        9d12      71%         7
 Spellforged Servitor     Conj/Summ      34%        N/A       75%         7
 Dragon Form              Tmut           34%        N/A       78%         7
 Ozocubu's Refrigeration  Ice            34%        4d11      78%         7
 Storm Form               Tmut/Air       34%        N/A       78%         7
 Summon Hydra             Summ           34%        N/A       78%         7
 Discord                  Hex            34%        N/A       100%        8
 Disjunction              Tloc           34%        N/A       100%        8
 Maxwell's Capacitive Co  Air            34%        ∞         100%        8
 Polar Vortex             Ice            34%        N/A       100%        9


Dungeon Overview and Level Annotations

Branches:
Dungeon (15/15)            Temple (0/1) D:6            Lair (6/6) D:9
 Shoals (4/4) Lair:3        Snake (4/4) Lair:4        Slime (1/5) Lair:6
    Orc (2/2) D:11            Elf (3/3) Orc:2        Vaults (1/5) D:13
 Depths (0/5) D:15        Volcano (visited)         Gauntlet (visited)

Altars:
Dithmenos
Fedhas
Makhleb
Nemelex Xobeh
Okawaru
Qazlal
Ru
Sif Muna
Trog
Yredelemnul
Zin
The Shining One

Shops:
D:11 [   D:12 *   D:13 [[[([   Orc:2 !(*:   Elf:1 !*   Shoals:2 =   Shoals:3 (
Snake:4 [:(*

Portals:
Abyss: D:13
Pandemonium: Orc:2

Annotations:
D:13 2 transporters, puimuR's ghost, journeyman HOBr


Innate Abilities, Weirdness & Mutations

You have very sharp teeth.
Your uncanny sense of smell can sniff out nearby items.
Your experience applies equally to all skills.
You have large cloven feet.
You have a somewhat thin skeletal structure. (Dex +2, Stealth+)
You possess an exceptional clarity of mind.
Your flesh is heat resistant. (rF+)
Your system is resistant to poisons. (rPois)


Message History

You begin to radiate toxic energy.
The anaconda looks as sick as possible!
The fire giant is poisoned.
The deep troll earth mage looks even sicker.
The anaconda looks as sick as possible!
You kill the vault sentinel!
Makhleb accepts your kill.
You feel better.
The fire giant looks even sicker.
The deep troll earth mage looks as sick as possible! x2
The deep troll looks even sicker.
You kill the deep troll shaman!
Makhleb accepts your kill.
The anaconda changes into a goliath frog!
The deep troll earth mage closely misses you.
You block the deep troll earth mage's attack.
The deep troll earth mage barely misses you.
You block the deep troll earth mage's attack.
The deep troll earth mage claws you!!
The deep troll earth mage claws you but does no damage.
The deep elf annihilator hits you but does no damage.
The deep troll earth mage closely misses you.
The deep troll earth mage claws you. The deep troll earth mage claws you!!
* * * LOW HITPOINT WARNING * * *
The goliath frog is poisoned.
The deep elf annihilator looks as sick as possible!
The deep troll earth mage looks as sick as possible!
The deep troll looks even sicker.
The deep troll looks as sick as possible!
You block the deep troll earth mage's attack. x2
The deep troll earth mage barely misses you.
The deep elf annihilator completely misses you.
The goliath frog looks even sicker.
The fire giant looks as sick as possible!
Your toxic aura wanes.
You kill the deep troll earth mage!
Makhleb accepts your kill.
You feel better.
The troll leather armour is intact enough to wear.
The deep elf annihilator gestures at you while chanting.
The crystal spear hits you!!!
You die...

#...'..'.......')).##....
#)..#†)#.......#.!.##....
#..##..##.....###.(##....
#.##....##...##.##.##....
###......##.##...####...)
##........###.....###....
#....##....))......)#....
#....##....))......))....
##......@.###.....#######
###...DT.## ##...##
#.##..Fe## ##.##
#.T##C.## . ###
#..)#T'#.... #...†T[....#
##....)...## ##......##
##....##


You could see a fire giant (extremely poisoned), a swamp dragon, a deep elf
annihilator (extremely poisoned), 2 deep trolls, a deep troll earth mage (fast,
strong, extremely poisoned) and a goliath frog shaped shifter (very poisoned).

Vanquished Creatures
  Vashnia (Snake:4)
  Nikola (Shoals:4)
  Jorgrun (Elf:1)
  A lich (Vaults:1)
  2 deep elf blademasters (Elf:3)
  3 acid blobs
  2 deep elf master archers (Elf:3)
  Frances (Snake:2)
  3 tengu reavers
  Roxanne (Elf:1)
  Kirke (Elf:1)
  2 storm dragons
  5 nagarajas
  Donald (Elf:1)
  2 rockslimes (Lair:6)
  3 deep elf sorcerers (Elf:3)
  4 ironbound preservers (Vaults:1)
  3 deep elf elementalists (Elf:3)
  A stone giant (D:11)
  7 deep elf demonologists
  A dire elephant (Vaults:1)
  A minotaur (Gauntlet)
  10 deep elf annihilators (Elf:3)
  4 merfolk javelineers (Shoals:4)
  14 merfolk impalers
  9 deep elf death magi
  2 fire dragons (Elf:1)
  An ettin (Vaults:1)
  8 vault guards (Vaults:1)
  5 deep elf high priests
  2 yaktaur captains (Vaults:1)
  Harold (D:7)
  6 boulder beetles
  2 great orbs of eyes
  5 hydras
  18 anacondas
  2 salamander tyrants (Snake:4)
  An ironbound frostheart (Vaults:1)
  2 merfolk avatars
  17 naga warriors
  A catoblepas (Lair:6)
  4 merfolk aquamancers
  A centaur warrior (D:15)
  2 alligator snapping turtles
  5 two-headed ogres
  2 death knights
  The ghost of Xelitey Juot the Cleaver, a novice MiFi of Cheibriados (Orc:1)
  26 dancing weapons
  A deep troll shaman (Vaults:1)
  7 death yaks
  4 satyrs
  2 vampire magi
  2 ironbound beastmasters (Vaults:1)
  A deep troll earth mage (Vaults:1)
  7 orc high priests
  Sonja (Lair:2)
  10 shock serpents
  2 tengu warriors
  18 naga sharpshooters
  A fire crab (Gauntlet)
  17 deep elf knights
  A soul eater (Orc:2)
  8 skeletal warriors
  An iron troll (Vaults:1)
  6 salamander mystics
  A sea snake (shapeshifter) (D:14)
  15 sea snakes
  A flayed ghost (D:14)
  7 naga ritualists
  2 ironbound convokers (Vaults:1)
  3 deep trolls (Vaults:1)
  2 gelid demonspawn (Orc:2)
  An infernal demonspawn (Orc:2)
  9 harpies
  A wolf spider zombie (D:12)
  18 deep elf archers
  A wizard (Vaults:1)
  3 anaconda skeletons (Volcano)
  2 necromancers
  3 lindwurms
  An orange crystal statue (Gauntlet)
  A phantasmal warrior (Vaults:1)
  24 deep elf zephyrmancers
  4 mana vipers
  5 orc knights
  29 deep elf pyromancers
  3 wolf spiders
  5 ugly things
  A stone giant zombie (D:15)
  8 cyclopes
  7 orc sorcerers
  16 fauns
  A shining eye (shapeshifter) (Vaults:1)
  An iron dragon skeleton (D:15)
  16 manticores
  A shining eye (Lair:6)
  17 elephants (Lair:6)
  Maurice (D:13)
  19 salamanders
  Joseph (D:7)
  5 water nymphs
  14 merfolk sirens
  8 guardian serpents
  33 black mambas
  3 vault sentinels (Vaults:1)
  16 naga magi
  3 torpor snails
  11 cane toads
  3 unseen horrors
  7 gargoyles
  A rime drake (shapeshifter) (Elf:2)
  A kobold demonologist (D:10)
  An efreet (D:14)
  A komodo dragon (shapeshifter) (Elf:3)
  A yaktaur (Vaults:1)
  5 komodo dragons
  A tengu conjurer (D:14)
  A freezing wraith (Vaults:1)
  5 rime drakes
  A hellwing (Orc:2)
  A guardian mummy (D:15)
  7 trolls
  A jumping spider (shapeshifter) (Vaults:1)
  10 polar bears
  21 merfolk
  A harpy skeleton (Volcano)
  A raiju (shapeshifter) (Elf:1)
  Prince Ribbit (D:7)
  7 wind drakes
  19 slime creatures
  A meliai zombie (D:12)
  6 snapping turtles
  A snapping turtle (shapeshifter) (D:14)
  20 blink frogs
  13 dream sheep
  2 raiju
  An ice dragon zombie (D:15)
  2 flying skulls (Volcano)
  A fire dragon zombie (D:15)
  2 redbacks (Lair:2)
  2 shadows
  11 air elementals
  2 alligator skeletons (Volcano)
  4 wraiths
  The ghost of Malachi the Sneak, an amateur VSEn of Gozag (D:4)
  15 wyverns
  3 fire elementals
  A chaos spawn (Orc:2)
  2 fire bats (Gauntlet)
  20 water elementals
  44 yaks
  8 basilisks
  2 golden eyes
  17 vampire mosquitoes
  3 hogs (Elf:1)
  7 steam dragons
  8 wargs
  52 nagas
  14 hell hounds (Lair:6)
  Duvessa (D:4)
  2 acid dragons
  A swamp worm (shapeshifter) (Vaults:1)
  37 water moccasins
  A swamp drake (Lair:1)
  29 orc warriors
  4 sky beasts
  12 black bears
  3 ice beasts
  2 hornet zombies (D:8)
  A necrophage (D:6)
  20 wolves
  7 ogres
  8 centaurs
  5 kobold brigands
  A phantom (D:7)
  19 bullfrogs
  3 scorpions
  2 gnoll sergeants
  Dowan (D:4)
  A water moccasin skeleton (D:6)
  16 killer bees
  A troll skeleton (Volcano)
  A spriggan skeleton (Volcano)
  5 wights
  5 electric eels
  5 howler monkeys
  5 centaur zombies
  2 lava snakes (Lair:2)
  4 hounds
  4 jellies
  20 orc priests
  A bullfrog skeleton (D:7)
  3 centaur skeletons
  19 orc wizards
  Ijyb (D:5)
  8 hell rats (Lair:4)
  3 naga skeletons (Volcano)
  A hound skeleton (D:4)
  2 howler monkey zombies (D:8)
  Robin (D:4)
  A howler monkey skeleton (D:6)
  25 adders
  17 gnolls
  A shadow imp (D:7)
  3 white imps
  2 ufetubi
  An adder skeleton (D:4)
  4 dart slugs
  79 orcs
  11 ball pythons
  12 endoplasms
  3 giant cockroaches
  16 goblins
  10 hobgoblins
  11 jackals
  3 quokkas
  6 bats
  4 frilled lizards
  21 kobolds
  6 rats
1475 creatures vanquished.

Vanquished Creatures (collateral kills)
  A shadow dragon (Elf:1)
  2 orc warlords
  A merfolk impaler (Orc:1)
  A boulder beetle (Lair:2)
  7 hydras
  An ice dragon (Lair:5)
  A centaur warrior (Orc:1)
  A catoblepas (Lair:6)
  A death yak (Lair:6)
  3 orc high priests (Orc:2)
  A sixfirhy (Orc:2)
  A gelid demonspawn (Orc:2)
  A lindwurm (Lair:6)
  An orc sorcerer (Orc:1)
  A deep elf pyromancer (D:12)
  A manticore (Lair:6)
  4 elephants (Lair:6)
  A cane toad (Lair:5)
  A gargoyle (D:7)
  3 komodo dragons
  A rime drake (Lair:5)
  A dream sheep (Lair:6)
  2 blink frogs (Lair:5)
  A water elemental (Shoals:4)
  2 basilisks
  6 yaks
  2 water moccasins
  2 orc warriors
  A black bear (Lair:6)
  An ogre (Orc:1)
  A wolf (Lair:6)
  A killer bee (D:10)
  An orc priest (Orc:2)
  A gnoll shaman (D:7)
  Jessica (D:2)
  A howler monkey skeleton (D:7)
  2 gnolls (D:3)
  3 orcs
64 creatures vanquished.

Vanquished Creatures (others)
  A deep elf blademaster (Elf:2)
  A merfolk impaler (Shoals:4)
  3 dancing weapons (Elf:2)
  6 deep elf knights
  A black mamba (Snake:3)
  A flying skull (Volcano)
  2 water elementals
  52 fungi
  147 plants
  2 withered plants (D:15)
216 creatures vanquished.

Grand Total: 1755 creatures vanquished

Notes
Turn   | Place    | Note
-------+----------+-------------------------------------------
     0 | D:1      | Malachi the Gnoll Wanderer began the quest for the Orb.
     0 | D:1      | Malachi set off with the following items: a +0 dagger, a
                  | potion of lignification, a +0 robe, a scroll of
                  | teleportation; and the following spell memorised: Magic
                  | Dart; and the following spells available to memorise:
                  | Conjure Flame, Blink, Call Imp, Slow, Mephitic Cloud
     0 | D:1      | Reached XP level 1. HP: 17/17 MP: 8/8
   241 | D:1      | Reached XP level 2. HP: 23/23 MP: 5/10
   816 | D:1      | Reached XP level 3. HP: 28/28 MP: 2/11
  1136 | D:1      | Reached skill level 1 in Invocations
  1456 | D:1      | Reached skill level 1 in Short Blades
  1456 | D:1      | Reached skill level 1 in Long Blades
  1456 | D:1      | Reached skill level 1 in Axes
  1456 | D:1      | Reached skill level 1 in Maces & Flails
  1456 | D:1      | Reached skill level 1 in Polearms
  1456 | D:1      | Reached skill level 1 in Slings
  1456 | D:1      | Reached skill level 1 in Bows
  1456 | D:1      | Reached skill level 1 in Crossbows
  1456 | D:1      | Reached skill level 1 in Armour
  1456 | D:1      | Reached skill level 1 in Dodging
  1456 | D:1      | Reached skill level 1 in Stealth
  1456 | D:1      | Reached skill level 1 in Shields
  1456 | D:1      | Reached skill level 1 in Unarmed Combat
  1615 | D:1      | Found a faded altar of an unknown god.
  1951 | D:2      | Reached XP level 4. HP: 34/34 MP: 10/13
  2108 | D:2      | Noticed Jessica
  2121 | D:2      | Learned a level 2 spell: Call Imp
  2124 | D:2      | Learned a level 2 spell: Blink
  2127 | D:2      | Learned a level 2 spell: Slow
  2162 | D:2      | Killed Jessica
  2164 | D:2      | Found a glowing silver altar of Zin.
  2309 | D:1      | Became a worshipper of Makhleb the Destroyer
  2309 | D:1      | Reached * piety under Makhleb
  2751 | D:2      | Reached skill level 1 in Hexes
  2751 | D:2      | Reached skill level 1 in Summonings
  2751 | D:2      | Reached skill level 1 in Necromancy
  2751 | D:2      | Reached skill level 1 in Translocations
  2751 | D:2      | Reached skill level 1 in Transmutations
  2751 | D:2      | Reached skill level 1 in Fire Magic
  2751 | D:2      | Reached skill level 1 in Ice Magic
  2751 | D:2      | Reached skill level 1 in Air Magic
  2751 | D:2      | Reached skill level 1 in Earth Magic
  2751 | D:2      | Reached skill level 1 in Poison Magic
  3683 | D:3      | Reached ** piety under Makhleb
  3697 | D:3      | Reached XP level 5. HP: 40/40 MP: 3/14
  4203 | D:4      | Found a transporter.
  4207 | D:4      | Noticed Malachi's ghost (amateur VSEn)
  4250 | D:4      | Found a transporter.
  4259 | D:4      | Learned a level 3 spell: Conjure Flame
  4264 | D:4      | Noticed Duvessa
  4265 | D:4      | Noticed Dowan
  4302 | D:5      | Entered Level 5 of the Dungeon
  4486 | D:5      | Noticed an ogre
  4735 | D:4      | Reached XP level 6. HP: 43/47 MP: 16/16
  4852 | D:4      | Reached skill level 5 in Staves
  4905 | D:4      | Identified the +1 helmet "Qeusk" {Regen+ rCorr Str+2 Int-4}
  4905 | D:4      | Noticed Robin
  5245 | D:4      | Killed Robin
  5565 | D:4      | Identified the +4 long sword of the Spinneret {antimagic,
                  | Drain rElec rPois Str+6}
  5576 | D:4      | Reached XP level 7. HP: 52/52 MP: 6/18
  5700 | D:4      | Killed Duvessa
  5706 | D:4      | Killed Dowan
  6010 | D:4      | Killed Malachi's ghost
  6010 | D:4      | Reached *** piety under Makhleb
  6011 | D:4      | Reached XP level 8. HP: 60/60 MP: 6/19
  6124 | D:5      | Noticed Ijyb
  6136 | D:5      | Killed Ijyb
  7060 | D:6      | Reached skill level 5 in Conjurations
  7060 | D:6      | Reached XP level 9. HP: 40/66 MP: 7/21
  7261 | D:6      | Found a staircase to the Ecumenical Temple.
  7451 | D:6      | Reached **** piety under Makhleb
  7452 | D:6      | Reached skill level 5 in Fighting
  7452 | D:6      | Reached skill level 5 in Throwing
  7452 | D:6      | Reached skill level 5 in Evocations
  7631 | D:7      | Reached skill level 5 in Invocations
  7662 | D:7      | Noticed Prince Ribbit
  7687 | D:7      | Killed Prince Ribbit
  7862 | D:7      | Noticed Joseph
  8171 | D:6      | Killed an unseen horror
  8172 | D:6      | Reached XP level 10. HP: 19/74 MP: 7/22
  8472 | D:7      | Reached skill level 5 in Short Blades
  8472 | D:7      | Reached skill level 5 in Long Blades
  8472 | D:7      | Reached skill level 5 in Axes
  8472 | D:7      | Reached skill level 5 in Maces & Flails
  8472 | D:7      | Reached skill level 5 in Polearms
  8472 | D:7      | Reached skill level 5 in Slings
  8472 | D:7      | Reached skill level 5 in Bows
  8472 | D:7      | Reached skill level 5 in Crossbows
  8472 | D:7      | Reached skill level 5 in Armour
  8472 | D:7      | Reached skill level 5 in Dodging
  8472 | D:7      | Reached skill level 5 in Stealth
  8472 | D:7      | Reached skill level 5 in Shields
  8472 | D:7      | Reached skill level 5 in Unarmed Combat
  8621 | D:7      | Noticed Harold
  8905 | D:8      | Found a sacrificial altar of Ru.
  9165 | D:8      | Noticed a two-headed ogre
  9172 | D:8      | Killed a two-headed ogre
  9178 | D:8      | Reached ***** piety under Makhleb
  9582 | D:7      | Killed Joseph
  9636 | D:7      | Reached XP level 11. HP: 83/83 MP: 8/24
  9703 | D:7      | Killed Harold
  9719 | D:7      | Reached skill level 5 in Hexes
  9719 | D:7      | Reached skill level 5 in Summonings
  9719 | D:7      | Reached skill level 5 in Necromancy
  9719 | D:7      | Reached skill level 5 in Translocations
  9719 | D:7      | Reached skill level 5 in Transmutations
  9719 | D:7      | Reached skill level 5 in Fire Magic
  9719 | D:7      | Reached skill level 5 in Ice Magic
  9719 | D:7      | Reached skill level 5 in Air Magic
  9719 | D:7      | Reached skill level 5 in Earth Magic
  9719 | D:7      | Reached skill level 5 in Poison Magic
 10304 | D:9      | Found a shadowy altar of Dithmenos.
 10352 | D:9      | Found a staircase to the Lair.
 10682 | D:9      | Identified the +2 ring mail of the Distant Future {Fly rF-
                  | rN+++ Dex-3}
 11141 | D:10     | Entered Level 10 of the Dungeon
 11287 | D:10     | Noticed a two-headed ogre
 11296 | D:10     | Killed a two-headed ogre
 11351 | D:10     | Noticed a boulder beetle
 11393 | D:10     | Gained mutation: Potions are less effective at restoring
                  | your health. [potion of mutation]
 11393 | D:10     | Gained mutation: You are frail. (-10% HP) [potion of
                  | mutation]
 11393 | D:10     | Gained mutation: You are dopey. (Int -2) [potion of
                  | mutation]
 11404 | D:10     | HP: 1/111 [boulder beetle (5)]
 11431 | D:10     | Killed a boulder beetle
 11562 | D:10     | Noticed a two-headed ogre
 11617 | D:10     | Noticed a sun demon
 11691 | D:10     | Lost mutation: You are dopey. (Int -2) [potion of mutation]
 11691 | D:10     | Lost mutation: You are frail. (-10% HP) [potion of
                  | mutation]
 11691 | D:10     | Gained mutation: You expend magic power (3 MP) to
                  | strengthen your wands. [potion of mutation]
 11941 | D:10     | Killed a two-headed ogre
 12573 | D:11     | Noticed a manticore
 12692 | D:11     | Noticed a four-headed hydra
 12801 | Lair:1   | Entered Level 1 of the Lair of Beasts
 12820 | Lair:1   | Reached XP level 12. HP: 91/91 MP: 8/25
 12937 | Lair:1   | Reached skill level 10 in Spellcasting
 13470 | Lair:1   | Noticed a five-headed hydra
 13488 | Lair:1   | Killed a seven-headed hydra
 13815 | Lair:1   | Found a blossoming altar of Fedhas.
 14344 | Lair:2   | Found a runed translucent door.
 14787 | Lair:2   | Noticed Sonja
 14796 | Lair:2   | Killed Sonja
 14831 | Lair:2   | Identified the +2 pair of boots of Etiecwiu {Fly Str+3}
 15103 | Lair:2   | Identified the +5 hat of Kavipn {rF+ Dex+4}
 15109 | Lair:2   | Found a runed translucent gate.
 15109 | Lair:2   | Found a runed translucent gate.
 15109 | Lair:2   | Found a runed translucent gate.
 15109 | Lair:2   | Found a runed translucent gate.
 15109 | Lair:2   | Found a runed translucent gate.
 15109 | Lair:2   | Noticed a boulder beetle
 15109 | Lair:2   | Noticed a boulder beetle
 15110 | Lair:2   | Found a runed translucent gate.
 15153 | Lair:2   | Noticed a boulder beetle
 15181 | Lair:2   | Killed a boulder beetle
 15182 | Lair:2   | Reached XP level 13. HP: 46/98 MP: 9/27
 15342 | Lair:2   | Identified the ring of the Shrike {rN+ Will+ Str+4 Int-4
                  | Stlth+}
 15371 | Lair:2   | Learned a level 3 spell: Ozocubu's Armour
 15559 | Lair:2   | Lost mutation: Potions are less effective at restoring your
                  | health. [potion of mutation]
 15559 | Lair:2   | Lost mutation: You expend magic power (3 MP) to strengthen
                  | your wands. [potion of mutation]
 15559 | Lair:2   | Gained mutation: You have supernaturally acute eyesight.
                  | (SInv) [potion of mutation]
 15559 | Lair:2   | Gained mutation: Your mind is acute. (Int +2) [potion of
                  | mutation]
 15894 | Lair:3   | Found a staircase to the Shoals.
 15970 | Lair:3   | Found a dark tunnel.
 15988 | Volcano  | Entered a volcano
 17950 | Lair:4   | Reached ****** piety under Makhleb
 18180 | Lair:4   | Found a staircase to the Snake Pit.
 18322 | Lair:4   | Reached XP level 14. HP: 102/108 MP: 9/29
 18513 | Lair:4   | Reached skill level 10 in Staves
 19521 | Lair:5   | Found a sacrificial altar of Ru.
 19618 | Lair:5   | Reached skill level 10 in Invocations
 19855 | Lair:5   | Identified the +1 leather armour of Biuh {Regen+ Int+4}
 19975 | Lair:6   | Entered Level 6 of the Lair of Beasts
 20167 | Lair:6   | Found a bloodstained altar of Trog.
 20641 | Lair:6   | Identified the ring "Useeshri" {rElec rF+ rN+ MP+9 Int-2}
 20852 | Lair:6   | Reached skill level 10 in Fighting
 20852 | Lair:6   | Reached skill level 10 in Throwing
 20852 | Lair:6   | Reached skill level 10 in Evocations
 21125 | Lair:6   | Reached XP level 15. HP: 70/115 MP: 10/30
 21197 | Lair:6   | Found a staircase to the Slime Pits.
 21937 | Lair:6   | Reached skill level 10 in Short Blades
 21937 | Lair:6   | Reached skill level 10 in Long Blades
 21937 | Lair:6   | Reached skill level 10 in Axes
 21937 | Lair:6   | Reached skill level 10 in Maces & Flails
 21937 | Lair:6   | Reached skill level 10 in Polearms
 21937 | Lair:6   | Reached skill level 10 in Slings
 21937 | Lair:6   | Reached skill level 10 in Bows
 21937 | Lair:6   | Reached skill level 10 in Crossbows
 21937 | Lair:6   | Reached skill level 10 in Armour
 21937 | Lair:6   | Reached skill level 10 in Dodging
 21937 | Lair:6   | Reached skill level 10 in Stealth
 21937 | Lair:6   | Reached skill level 10 in Shields
 21937 | Lair:6   | Reached skill level 10 in Unarmed Combat
 22344 | Slime:1  | Entered Level 1 of the Pits of Slime
 22344 | Slime:1  | Noticed an acid blob
 23205 | D:11     | Found a staircase to the Orcish Mines.
 23207 | D:11     | Found Veol's Armour Boutique.
 24562 | D:12     | Found Gasuv's Assorted Antiques.
 24571 | D:12     | Bought a lumpy cabochon amulet for 130 gold pieces
 24572 | D:12     | Bought an embroidered scarf for 208 gold pieces
 24574 | D:12     | Bought a silver wand for 104 gold pieces
 24878 | D:12     | Found a basalt altar of Yredelemnul.
 24945 | D:13     | Found Etsi's Antique Armour Shoppe.
 25237 | Orc:1    | Entered Level 1 of the Orcish Mines
 25569 | Orc:1    | Noticed an orc warlord
 25615 | D:11     | Killed an orc warlord
 26139 | Orc:1    | Found a runed translucent gate.
 26140 | Orc:1    | Found a runed translucent gate.
 26141 | Orc:1    | Found a runed translucent gate.
 26143 | Orc:1    | Noticed Xelitey Juot's ghost (novice MiFi)
 26173 | Orc:1    | Found an iron altar of Okawaru.
 26597 | Orc:1    | HP: 5/117 [merfolk impaler (2)]
 26709 | Orc:1    | Reached XP level 16. HP: 118/124 MP: 10/32
 26824 | Orc:1    | Killed Xelitey Juot's ghost
 26961 | Orc:1    | Found a shimmering blue altar of Sif Muna.
 27095 | Orc:2    | Entered Level 2 of the Orcish Mines
 27654 | Orc:2    | Found a staircase to the Elven Halls.
 27699 | Orc:2    | Found Zautaew's General Store.
 27701 | Orc:2    | Found Viutte Ciceth's Distillery.
 28748 | Orc:2    | Bought the +9 staff of Olgreb {rPois∞} for 1600 gold pieces
 28748 | Orc:2    | Found the +9 staff of Olgreb {rPois∞}
 29153 | Orc:2    | Found Deyss's Book Emporium.
 29153 | Orc:2    | Found Cifeaq's Antique Weapon Shoppe.
 29183 | Orc:2    | Found a one-way gate leading to the halls of Pandemonium.
 29192 | Orc:2    | Gained mutation: You are weak. (Str -2) [a neqoxec]
 29652 | D:13     | Found Oceguty's Antique Armour Emporium.
 29655 | D:13     | Bought a shiny buckler for 285 gold pieces
 29667 | D:13     | Found Hixia's Antique Armour Boutique.
 29670 | D:13     | Bought a pair of glowing gloves for 277 gold pieces
 29688 | D:13     | Bought an amethyst-encrusted scale mail for 333 gold pieces
 29688 | D:13     | Identified the +1 scale mail of Peapacs {Int+2 Slay+3} (You
                  | bought it in a shop on level 13 of the Dungeon)
 29766 | D:13     | Noticed Maurice
 29775 | D:13     | Killed Maurice
 29796 | D:13     | Found Rent's Antique Weapon Emporium.
 29846 | D:13     | Found a gate to the Vaults.
 29901 | D:13     | Reached skill level 10 in Conjurations
 29916 | D:13     | Found a transporter.
 29923 | D:13     | Noticed an Executioner
 29930 | D:13     | Found a transporter.
 29998 | D:13     | Found Bufrax's Armour Emporium.
 30575 | D:13     | Noticed puimuR's ghost (journeyman HOBr)
 30583 | D:13     | Found a one-way gate to the infinite horrors of the Abyss.
 30745 | D:14     | Learned a level 3 spell: Swiftness
 30971 | D:14     | Identified the +3 scale mail "Naprafe" {Int-2 Dex+7}
 31313 | D:14     | Noticed a tengu reaver
 31313 | D:14     | Noticed a tengu reaver
 32591 | D:14     | Found the +8 glaive of the Guard {elec, spectral, AC+5}
 32596 | D:14     | Paralysed by a floating eye for 3 turns
 32613 | D:14     | Killed a tengu reaver
 32806 | D:14     | Noticed a caustic shrike
 32806 | D:14     | a dire elephant changed into a caustic shrike
 32807 | D:14     | Noticed a golden dragon
 32807 | D:14     | a caustic shrike changed into a golden dragon
 32808 | D:14     | Noticed a caustic shrike
 32808 | D:14     | a golden dragon changed into a caustic shrike
 32818 | D:14     | Noticed a golden dragon
 32818 | D:14     | a caustic shrike changed into a golden dragon
 32836 | D:14     | Noticed an acid blob
 32836 | D:14     | a golden dragon changed into an acid blob
 32846 | D:14     | Noticed an acid blob
 32847 | D:14     | Noticed a juggernaut
 32847 | D:14     | an acid blob changed into a juggernaut
 33136 | D:14     | Killed a tengu reaver
 33335 | D:15     | Entered Level 15 of the Dungeon
 33335 | D:15     | Found a gate leading to a gauntlet.
 33344 | Gauntlet | Entered a Gauntlet
 33344 | Gauntlet | Found a transporter.
 33344 | Gauntlet | Found a transporter.
 33356 | Gauntlet | Found a transporter.
 33360 | Gauntlet | Found a transporter.
 33369 | Gauntlet | Found a transporter.
 33373 | Gauntlet | Found a transporter.
 33384 | Gauntlet | Found a transporter.
 33394 | Gauntlet | Found a runed translucent door.
 33401 | Gauntlet | Found a transporter.
 33415 | Gauntlet | Found a transporter.
 33419 | Gauntlet | Found a transporter.
 33427 | Gauntlet | Found a transporter.
 33431 | Gauntlet | Found a transporter.
 33591 | Gauntlet | Identified the +2 cloak of the Lumpy Artisans {*Slow rElec
                  | rN+++ Dex+2}
 33629 | Gauntlet | Identified the +7 fustibalus "Hosoukkul" {speed, Dex+3}
 33735 | D:15     | Found a staircase to the Depths.
 33940 | D:15     | Reached XP level 17. HP: 118/131 MP: 14/33
 35279 | Lair:4   | Lost mutation: You are weak. (Str -2) [potion of mutation]
 35279 | Lair:4   | Lost mutation: Your mind is acute. (Int +2) [potion of
                  | mutation]
 35279 | Lair:4   | Gained mutation: You are frail. (-10% HP) [potion of
                  | mutation]
 35624 | Orc:2    | Bought a potion of mutation for 88 gold pieces
 35624 | Orc:2    | Lost mutation: You are frail. (-10% HP) [potion of
                  | mutation]
 35624 | Orc:2    | Lost mutation: You have supernaturally acute eyesight.
                  | (SInv) [potion of mutation]
 35624 | Orc:2    | Gained mutation: Your flesh is heat resistant. (rF+)
                  | [potion of mutation]
 35624 | Orc:2    | Gained mutation: You evolve. [potion of mutation]
 35624 | Orc:2    | Gained mutation: You possess an exceptional clarity of
                  | mind. [potion of mutation]
 35624 | Orc:2    | Gained mutation: You have a somewhat thin skeletal
                  | structure. (Dex +2, Stealth+) [potion of mutation]
 35899 | Snake:1  | Entered Level 1 of the Snake Pit
 37466 | Snake:1  | Gained mutation: Your system is resistant to poisons.
                  | (rPois) [evolution]
 37686 | Snake:2  | Learned a level 2 spell: Wereblood
 37802 | Snake:2  | Noticed Frances
 37828 | Snake:2  | Killed Frances
 38010 | Snake:2  | Identified the +0 buckler of Servitude {rElec rPois Dex+3
                  | Slay-2}
 38212 | Snake:2  | Reached skill level 10 in Hexes
 38212 | Snake:2  | Reached skill level 10 in Summonings
 38212 | Snake:2  | Reached skill level 10 in Necromancy
 38212 | Snake:2  | Reached skill level 10 in Translocations
 38212 | Snake:2  | Reached skill level 10 in Transmutations
 38212 | Snake:2  | Reached skill level 10 in Fire Magic
 38212 | Snake:2  | Reached skill level 10 in Ice Magic
 38212 | Snake:2  | Reached skill level 10 in Air Magic
 38212 | Snake:2  | Reached skill level 10 in Earth Magic
 38212 | Snake:2  | Reached skill level 10 in Poison Magic
 38878 | Snake:3  | Reached XP level 18. HP: 132/140 MP: 35/35
 39438 | Snake:3  | Found a glowing golden altar of the Shining One.
 39620 | Snake:3  | Found a sparkling altar of Nemelex Xobeh.
 39759 | Snake:4  | Entered Level 4 of the Snake Pit
 39798 | Snake:4  | HP: 5/140 [naga (5)]
 40727 | Snake:4  | Found Naaseq's Armour Emporium.
 40729 | Snake:4  | Found Sakkusol's Book Shoppe.
 40731 | Snake:4  | Found Tonaughy's Antique Weapon Emporium.
 40744 | Snake:4  | Bought a book of Burglary for 420 gold pieces
 40749 | Snake:4  | Learned a level 4 spell: Airstrike
 40755 | Snake:4  | Learned a level 5 spell: Fireball
 40762 | Snake:4  | Learned a level 6 spell: Invisibility
 41462 | Snake:4  | Noticed Vashnia
 41588 | Snake:4  | Gained mutation: Your muscles are strong. (Str +2)
                  | [evolution]
 41749 | Snake:4  | Found Cabrithe's Commerce Corner.
 41880 | Snake:4  | Killed Vashnia
 41881 | Snake:4  | Reached XP level 19. HP: 53/148 MP: 37/37
 41987 | Snake:4  | Got a serpentine rune of Zot
 42420 | Shoals:1 | Entered Level 1 of the Shoals
 43523 | Shoals:2 | Found the +6 lightning scales {swift, rElec}
 43864 | Shoals:2 | Found Vegoum's Jewellery Boutique.
 43954 | Shoals:2 | Bought an amulet of guardian spirit for 420 gold pieces
 45210 | Shoals:3 | Found Zotu's Antique Weapon Shop.
 45930 | Shoals:2 | Identified the +0 pair of gloves of Divine Intercession
                  | {rC+ Regen+ Int+3}
 45999 | Shoals:4 | Entered Level 4 of the Shoals
 46028 | Shoals:4 | Identified the +1 pair of gloves "Joj Nube" {-Tele rC+
                  | Will+ Int+7}
 46028 | Shoals:4 | Noticed Nikola
 46050 | Shoals:4 | Killed Nikola
 46054 | Shoals:4 | Paralysed by an air elemental for 1 turns
 46058 | Shoals:4 | Paralysed by an air elemental for 1 turns
 46072 | Shoals:4 | Paralysed by an air elemental for 1 turns
 46724 | Shoals:4 | Paralysed by an air elemental for 1 turns
 46731 | Shoals:4 | Paralysed by an air elemental for 1 turns
 46734 | Shoals:4 | Paralysed by an air elemental for 1 turns
 46738 | Shoals:4 | Paralysed by an air elemental for 1 turns
 46951 | Shoals:4 | Paralysed by an air elemental for 1 turns
 47001 | Shoals:4 | Paralysed by an air elemental for 1 turns
 47237 | Shoals:4 | Reached XP level 20. HP: 96/156 MP: 19/38
 47300 | Shoals:4 | Gained mutation: You have large cloven feet. [evolution]
 47307 | Shoals:4 | Got a barnacled rune of Zot
 47315 | Shoals:4 | Got the Catalogue of the Volcanoes
 47596 | Shoals:4 | Found a stormy altar of Qazlal.
 47633 | Shoals:4 | Paralysed by an air elemental for 1 turns
 48207 | Elf:1    | Entered Level 1 of the Elven Halls
 49114 | Elf:1    | Found Teqe's General Store.
 49115 | Elf:1    | Found Menuykliwag's Distillery.
 49253 | Elf:1    | Noticed Roxanne
 49292 | Elf:1    | Killed Roxanne
 49684 | Elf:1    | Found a runed translucent gate.
 49684 | Elf:1    | Found a runed translucent gate.
 49684 | Elf:1    | Found a runed translucent gate.
 49684 | Elf:1    | Found a runed translucent gate.
 49684 | Elf:1    | Found a runed translucent gate.
 49702 | Elf:1    | Found a runed translucent gate.
 49997 | Elf:1    | Paralysed by an air elemental for 1 turns
 50041 | Elf:1    | Noticed Donald
 50065 | Elf:1    | Killed Donald
 50146 | Elf:1    | Noticed Jorgrun
 50164 | Elf:1    | Killed Jorgrun
 50398 | Elf:1    | Noticed Kirke
 50436 | Elf:1    | Killed Kirke
 50675 | Elf:1    | Lost mutation: You evolve. [evolution]
 50786 | Elf:2    | Reached skill level 15 in Spellcasting
 50976 | Elf:2    | Found a runed translucent gate.
 51149 | Elf:2    | Found a runed translucent gate.
 51150 | Elf:2    | Found a runed translucent gate.
 51244 | Elf:2    | Reached XP level 21. HP: 151/164 MP: 13/40
 51777 | Elf:3    | Entered Level 3 of the Elven Halls
 52022 | Elf:3    | Reached skill level 15 in Invocations
 52093 | Elf:3    | Identified the ring of Omuir {rC+ rN+ Int+2}
 52208 | Elf:3    | Identified the ring of the Lotus Blossom {rF+ rC+ Int+3
                  | Dex-5}
 52318 | Elf:3    | Identified the amulet of Kozo Azi {Acrobat Fragile rF+
                  | Int+2}
 52321 | Elf:3    | Identified the +6 rapier of Watchfulness {vorpal, *Rage rF+
                  | rC+}
 52371 | Elf:3    | Identified the ring "Bito" {Fire rCorr}
 52455 | Elf:3    | Identified the amulet of Ezohusch {Acrobat rCorr Dex+7}
 52474 | Elf:3    | Found the amulet of the Air {Inacc Air Fly rElec RMsl}
 52491 | Elf:3    | Got the Collected Works on Lightness and Contamination
 52558 | Elf:3    | Identified the +8 chain mail "Sietoow" {Fly Str+3 Dex+4}
 52574 | Elf:3    | Identified the +7 ring mail of Ejulame {Stlth+}
 52843 | Elf:3    | Paralysed by an air elemental for 1 turns
 53914 | Lair:6   | Lost mutation: Your muscles are strong. (Str +2) [a shining
                  | eye]
 55171 | Vaults:1 | Entered Level 1 of the Vaults
 55512 | Vaults:1 | Reached XP level 22. HP: 152/173 MP: 41/41
 55707 | Vaults:1 | Identified the ring of Ottilic {rF+ rC+ Will+ Str-5}
 55744 | Vaults:1 | Reached skill level 15 in Staves
 55848 | Vaults:1 | Killed from afar by a deep elf annihilator

Illustrated notes

Levels and vault maps discovered:
D:1:      dpeg_cavernosity, layout_basic,
          shapermc_ecumenical_altar_mp_highgroup, minmay_box_of_dots
D:2:      layout_basic, basic_altar, uniq_jessica
D:3:      layout_loops_ring, nicolae_underground_beach
D:4:      layout_basic, gammafunk_ghost_arena, minmay_distorted, uniq_robin,
          uniq_duvessa
D:5:      layout_loops_ring, nicolae_ossuary_entry_ruins, uniq_ijyb
D:6:      layout_rooms, minmay_temple_entry_tees, minmay_misc_feat_doors,
          chequers_serial_rivers_micro_d, minmay_bent
D:7:      nzn_winding_woodlands_small [nzn_winding_woodlands_5x15_sidewinder,
          nzn_winding_woodlands_center_pierced_h,
          nzn_winding_woodlands_5x15_twine], layout_cave_pools, st_stairs_13,
          hangedman_misty_isle, uniq_harold, uniq_joseph, uniq_prince_ribbit1
D:8:      layout_loops_cross, minmay_ruined_shrine
D:9:      layout_small_grid, grunt_dithmenos_smoke, lair_entry_dummy
D:10:     layout_irregular_city, enter_bailey_8, lightli_fourway_metalbox
D:11:     layout_gridville, orc_david_3
D:12:     minmay_octagon_keep, layout_basic, serial_shops, shop,
          lemuel_zombie_altar_yredelemnul
D:13:     layout_roguey, david_vaults_1, serial_shops, nicolae_take_the_stairs,
          nicolae_stop_n_shop_2, shop_statue, nicolae_stop_n_shop_1, shop,
          gammafunk_ghost_abyssal_escape, kennysheep_nondescript,
          roderic_roman_lattice, uniq_maurice
D:14:     minmay_guarded_unrand_guard, layout_loops_ring
D:15:     gammafunk_depths_entry_grave, layout_irregular_city,
          gauntlet_entry_generic
Lair:1:   lemuel_reptile_caves, layout_chaotic_city,
          cheibrodos_lair_caveside_slide, lemuel_centaur_altar,
          infiniplex_staircase_pool_2
Lair:2:   gammafunk_indiana_jones, layout_gridlike, lemuel_fruit_tree,
          uniq_sonja
Lair:3:   layout_chaotic_city, shoals_dummy_entry,
          nicolae_volcano_entry_two_sided, serial_bayou_pond_a,
          amcnicky_mini_pool_medium
Lair:4:   layout_roguey [special_room_mythical_zoo],
          minmay_snake_entry_six_corridors
Lair:5:   dragon1_lemuel, layout_hall_layers, basic_altar, grunt_megastairs_2
Lair:6:   hangedman_lair_in_review, layout_layer_cave,
          hangedman_lair_caniforms_friends, slime_dummy, basic_altar
Shoals:1: layout_shoals
Shoals:2: layout_shoals, serial_shops, nicolae_diamond_shop
Shoals:3: layout_shoals, serial_shops, nicolae_shop_waterfront
Shoals:4: shoals_end_hellmonk_storm_palace [storm_palace_center_circular,
          storm_palace_corner_narrow, storm_palace_corner_grid,
          storm_palace_corner_narrow, storm_palace_corner_altar], serial_shops,
          uniq_nikola
Snake:1:  layout_rooms, st_stairs_12, guppyfry_snake_island
Snake:2:  kennysheep_six_static_rooms, layout_misc_corridors, serial_bayou,
          serial_bayou_shore_b, serial_bayou_crossing, serial_bayou_shore_a,
          serial_bayou_shore_b, nicolae_snake_guarding_the_ruins, uniq_frances
Snake:3:  layout_concentric_octagons, hangedman_feature_mirror
Snake:4:  grunt_snake_rune_serpentine_throne, layout_cave_town,
          nicolae_alphabet_shops, minmay_shop_star, grunt_megastairs_5,
          serial_bayou_shore_b
Slime:1:  layout_caves
Orc:1:    layout_caves, gammafunk_ghost_fury_of_okawaru,
          kennysheep_orc_sif_temple
Orc:2:    pf_orc_diabolical, layout_caves, nicolae_orc_stony_grotto
Elf:1:    eino_elf_arrival_sip, layout_geoelf_grid, orc_legates,
          minmay_shoptagon, uniq_jorgrun, uniq_roxanne, uniq_kirke, uniq_donald
Elf:2:    nicolae_elf_blades_crystal_corner, layout_rooms
Elf:3:    elf_hall, layout_onion_city, serial_glass, glass_columns_a,
          glass_columns_b, glass_columns_c, glass_columns_a, glass_columns_a,
          glass_columns_c, glass_columns_b, glass_columns_a, glass_columns_a,
          glass_columns_a, grunt_ministairs_9
Vaults:1: st_greater_box_3, vaults_room_fours, ontoclasm_vaults_misaligned,
          v_misc_33, v_pattern_4, grunt_vaults_twisty,
          ontoclasm_vaults_decontamination, vaults_mumra_chevron,
          vaults_dpeg_encased_lava, ontoclasm_vaults_loading_screen,
          layout_vaults_maze, serial_shops, nicolae_diamond_shop

Skill      XL: |  1  2  3  4  5  6  7  8  9 10 11 12 13 14 15 16 17 18 19 20 21 22 |
---------------+-------------------------------------------------------------------+-----
Invocations    | 1 2 3 4 5 6 7 8 9 10 11 12 13 14 15 | 15.5
Short Blades   | 1 2 3 4 5 6 7 8 9 10 11 12 13 14 | 14.4
Long Blades    | 1 2 3 4 5 6 7 8 9 10 11 12 13 14 | 14.4
Axes           | 1 2 3 4 5 6 7 8 9 10 11 12 13 14 | 14.4
Maces & Flails | 1 2 3 4 5 6 7 8 9 10 11 12 13 14 | 14.4
Polearms       | 1 2 3 4 5 6 7 8 9 10 11 12 13 14 | 14.4
Slings         | 1 2 3 4 5 6 7 8 9 10 11 12 13 14 | 14.4
Bows           | 1 2 3 4 5 6 7 8 9 10 11 12 13 14 | 14.4
Crossbows      | 1 2 3 4 5 6 7 8 9 10 11 12 13 14 | 14.4
Armour         | 1 2 3 4 5 6 7 8 9 10 11 12 13 14 | 14.4
Dodging        | 1 2 3 4 5 6 7 8 9 10 11 12 13 14 | 14.4
Stealth        | 1 2 3 4 5 6 7 8 9 10 11 12 13 14 | 14.4
Shields        | 1 2 3 4 5 6 7 8 9 10 11 12 13 14 | 14.4
Unarmed Combat | 1 2 3 4 5 6 7 8 9 10 11 12 13 14 | 14.4
Hexes          | 1 2 3 4 5 6 7 8 9 10 11 12 | 12.4
Summonings     | 1 2 3 4 5 6 7 8 9 10 11 12 | 12.4
Necromancy     | 1 2 3 4 5 6 7 8 9 10 11 12 | 12.4
Translocations | 1 2 3 4 5 6 7 8 9 10 11 12 | 12.4
Transmutations | 1 2 3 4 5 6 7 8 9 10 11 12 | 12.4
Fire Magic     | 1 2 3 4 5 6 7 8 9 10 11 12 | 12.4
Ice Magic      | 1 2 3 4 5 6 7 8 9 10 11 12 | 12.4
Air Magic      | 1 2 3 4 5 6 7 8 9 10 11 12 | 12.4
Earth Magic    | 1 2 3 4 5 6 7 8 9 10 11 12 | 12.4
Poison Magic   | 1 2 3 4 5 6 7 8 9 10 11 12 | 12.4
Fighting       | 3 4 5 6 7 8 9 10 11 12 13 14 | 14.6
Throwing       | 3 4 5 6 7 8 9 10 11 12 13 14 | 14.6
Conjurations   | 4 5 6 7 8 9 10 11 12 | 12.9
Evocations     | 3 4 5 6 7 8 9 10 11 12 13 14 | 14.6
Staves         | 5 6 7 8 9 10 11 12 13 14 15 | 15.0
Spellcasting   | 8 9 10 11 12 13 14 15 | 15.7

Action                   |  1- 3 |  4- 6 |  7- 9 | 10-12 | 13-15 | 16-18 | 19-21 | 22-24 || total
-------------------------+-------+-------+-------+-------+-------+-------+-------+-------++-------
Melee: Dagger            |     1 |       |       |       |       |    30 |    31 |       ||    62
       Halberd           |       |    88 |       |       |       |       |       |       ||    88
       Bite              |       |     7 |    42 |   131 |   392 |   299 |   249 |    42 ||  1162
       Long sword        |       |     1 |   376 |  1073 |  2163 |   462 |       |       ||  4075
       Staff             |       |       |       |       |       |  1435 |  1303 |   109 ||  2847
       Demon trident     |       |       |       |       |       |   217 |   221 |       ||   438
       Rapier            |       |       |       |       |       |       |   146 |    24 ||   170
 Cast: Magic Dart        |    89 |    66 |       |     1 |       |       |       |       ||   156
       Call Imp          |       |     7 |       |       |     1 |       |       |       ||     8
       Conjure Flame     |       |     7 |       |       |       |       |       |       ||     7
       Blink             |       |     4 |       |       |     1 |       |       |       ||     5
       Ozocubu's Armour  |       |       |       |       |     4 |     4 |     3 |       ||    11
       Swiftness         |       |       |       |       |       |     3 |       |       ||     3
       Wereblood         |       |       |       |       |       |     1 |       |       ||     1
       Airstrike         |       |       |       |       |       |       |     8 |       ||     8
Invok: Minor Destruction |       |       |       |    10 |    21 |       |       |       ||    31
       Major Destruction |       |       |       |     1 |       |       |    12 |       ||    13
       Lesser Servant of |       |       |       |    10 |    39 |    20 |     4 |       ||    73
       Greater Servant o |       |       |       |       |     2 |     1 |       |       ||     3
Evoke: Wand              |       |       |       |    19 |    47 |     5 |     7 |       ||    78
       Staff of Olgreb   |       |       |       |       |       |    69 |    65 |     6 ||   140
  Use: Scroll            |     2 |     5 |     3 |    11 |    11 |     7 |     5 |       ||    44
       Potion            |       |     4 |     1 |     7 |     5 |     7 |     4 |       ||    28
 Stab: Sleeping          |       |     3 |       |     6 |    16 |    46 |    51 |     9 ||   131
       Distracted        |       |       |     1 |     2 |     9 |     8 |    10 |       ||    30
       Paralysed         |       |       |       |    37 |    31 |       |       |       ||    68
       Petrifying        |       |       |       |       |     1 |       |       |       ||     1
       Petrified         |       |       |       |       |     1 |       |       |       ||     1
       Invisible         |       |       |       |       |       |       |     1 |       ||     1
Armor: Robe              |    13 |    36 |       |       |       |       |       |       ||    49
       Scale mail        |       |       |    50 |       |       |       |   236 |       ||   286
       Chain mail        |       |       |    10 |       |       |       |       |       ||    10
       Ring mail         |       |       |   288 |   553 |   991 |   271 |       |       ||  2103
       Skin              |       |       |       |     4 |       |       |     2 |       ||     6
       Leather armour    |       |       |       |       |       |   193 |    17 |       ||   210
       Shadow dragon sca |       |       |       |       |       |       |   252 |    49 ||   301
Dodge: Dodged            |    29 |    88 |   149 |   725 |  1719 |   902 |   614 |    49 ||  4275
Block: Kite shield       |       |     1 |   201 |   731 |  1699 |  1171 |   872 |   103 ||  4778
       Rpst.: Long sword |       |     1 |    40 |   193 |   397 |    55 |       |       ||   686
